 Dungeon Crawl Stone Soup version 0.26-a0-712-ga5a9c9c9d0 (webtiles) character file.

Game seed: 5247462990983741044

75 lemonshoe the Skirmisher (level 4, -4/60 HPs)
             Began as a Draconian Berserker on Nov 1, 2020.
             Was a Follower of Trog.
             Slain by an ogre
             ... wielding a +0 giant club
              (11 damage)
             ... on level 4 of the Dungeon.
             The game lasted 00:07:39 (946 turns).

lemonshoe the Skirmisher (Draconian Berserker)       Turns: 946, Time: 00:07:40

Health: -4/60      AC:  5    Str: 21    XL:     4   Next: 11%
Magic:  4/4        EV: 13    Int:  7    God:    Trog [*.....]
Gold:   31         SH:  0    Dex: 10    Spells: 3/3 levels left

rFire    . . .     SeeInvis .   a - +0 falchion
rCold    . . .     Faith    .   (no shield)
rNeg     . . .     Spirit   .   (armour unavailable)
rPois    .         Reflect  .   (helmet restricted)
rElec    .         Harm     .   (no cloak)
rCorr    .         Rampage  .   (no gloves)
MR       .....                  (no boots)
Stlth    ..........             (no amulet)
HPRegen  0.20/turn              (no ring)
MPRegen  0.09/turn              (no ring)

@: berserking, lethally poisoned (-4 -> -5), very quick
A: unfitting armour, cold-blooded, AC +5
a: Berserk, Renounce Religion


You were on level 4 of the Dungeon.
You worshipped Trog.
Trog was aware of your devotion.
You visited 1 branch of the dungeon, and saw 4 of its levels.

You collected 31 gold pieces.

Inventory:

Hand Weapons
 a - a +0 falchion (weapon)
 b - a +0 mace
 e - a +0 dagger
 h - a +2 dagger of pain
Missiles
 d - 25 arrows
 g - 8 boomerangs (quivered)
Armour
 c - a +1 chain mail
 f - a +0 leather armour


   Skills:
 + Level 4.0 Fighting
 + Level 3.7 Long Blades
 + Level 3.5 Dodging


You had 3 spell levels left.
You didn't know any spells.
Your spell library was empty.

Dungeon Overview and Level Annotations

Branches:
Dungeon (4/15)
 Temple: D:4-7

Altars:
Qazlal


Innate Abilities, Weirdness & Mutations

Your plain brown scales are hard. (AC +5)
You cannot fit into any form of body armour.
You are cold-blooded and may be slowed by cold attacks.


Message History

You slash the adder!
You kill the adder!
Trog accepts your kill.
You have reached level 4!
You feel stronger.
You feel sick.
The giant cockroach bites you but does no damage.
The ogre hits you with a +0 giant club!
* * * LOW HITPOINT WARNING * * *
You barely miss the giant cockroach.
The giant cockroach is almost dead.
The giant cockroach barely misses you. The ogre hits you with a +0 giant club.
* * * LOW HITPOINT WARNING * * *
You slash the giant cockroach!
You kill the giant cockroach!
Trog accepts your kill.
You slash the ogre!
The ogre is severely wounded.
The ogre hits you with a +0 giant club!
You die...

#.. # #..
..##..#####
#.........
#..#.#.#.######
.......#.#.....
...........#
#......<...#
........@..#
#.#.##.#O..# #
####..# ..# .##
.. ##


You could see an ogre.

Vanquished Creatures
  Terence (D:2)
  A worker ant (D:4)
  An adder (D:4)
  An ooze (D:3)
  2 leopard geckos (D:2)
  A giant cockroach (D:4)
  A goblin (D:3)
  A hobgoblin (D:3)
  A bat (D:2)
  2 frilled lizards (D:2)
  A kobold (D:2)
  2 rats
15 creatures vanquished.

Notes
Turn   | Place    | Note
-------+----------+-------------------------------------------
     0 | D:1      | lemonshoe the Draconian Berserker began the quest for the
                  | Orb.
     0 | D:1      | Reached XP level 1. HP: 19/19 MP: 1/1
    55 | D:2      | Found a stormy altar of Qazlal.
    55 | D:2      | Noticed Terence
    67 | D:2      | Killed Terence
    67 | D:2      | Reached XP level 2. HP: 4/27 MP: 2/2
   605 | D:2      | Reached XP level 3. HP: 33/33 MP: 3/3
   928 | D:4      | Noticed an ogre
   942 | D:4      | Reached skill level 4 in Fighting
   943 | D:4      | Reached XP level 4. HP: 22/40 MP: 4/4
   946 | D:4      | Slain by an ogre

Illustrated notes

Levels and vault maps discovered:
D:1:      minmay_arrival_nine_rooms, layout_basic, minmay_misc_feat_chi
D:2:      layout_rooms, grunt_qazlal_clouds, uniq_terence
D:3:      layout_basic, uniq_robin
D:4:      layout_basic, serial_shops, shop_coins

Skill      XL: |  1  2  3 |
---------------+----------+-----
Dodging        | 3 |  3.5
Fighting       | 4 |  4.0
Long Blades    | |  3.7

Action                   |  1- 3 |  4- 6 || total
-------------------------+-------+-------++-------
Melee: Falchion          |    40 |     3 ||    43
       Tailslap          |     5 |       ||     5
Throw: Boomerang         |     1 |       ||     1
Invok: Berserk           |     3 |       ||     3
  Use: Scroll            |     1 |       ||     1
       Potion            |     1 |       ||     1
Armor: Skin              |    13 |     1 ||    14
Dodge: Dodged            |    43 |     1 ||    44
       Rpst.: Falchion   |    14 |       ||    14

Table legend: (Time is in decaauts)
 A = Elapsed time spent in this place.
 B = Non-inter-level travel time spent in this place.
 C = Inter-level travel time spent in this place.
 D = Time resting spent in this place.
 E = Time spent auto-exploring this place.
 F = Levels seen in this place.
 G = Mean time per level.
                   A        B        C        D        E       F      G
               +--------+--------+--------+--------+--------+-----+--------+
         Total |    962 |    962 |      0 |    586 |      0 |   4 |  240.5 |
       Dungeon |    962 |    962 |      0 |    586 |      0 |   4 |  240.5 |
               +--------+--------+--------+--------+--------+-----+--------+

Top non-repeatable levels by time:
     D:2: 756 daAuts
     D:3: 135 daAuts
     D:1: 55 daAuts
     D:4: 16 daAuts
